AoeStats
← HereticMink

Fortress

508141159Analyzed
4v4 RM · 10d ago on Sep 21, 2026· 66m 30s· 8 players
Game mode
Random Map
Map size
Huge
Population
200
Speed
Normal
Resources
Standard
Victory
Conquest
Starting age
Dark Age
Ending age
Imperial Age
RankedLock teamsTeams togetherTeam positionsShared explorationLock speedFull tech treeHidden civsTurbo modeCheats
Victory
Defeat
🇲🇽 Celts · Mexico
986
+11
🇲🇽 Burgundians · Mexico
843
+17
🇺🇸 Khmer · United States
821
+18
🇺🇸 Bohemians · United States
820
+18
🇨🇦 Slavs · Canada
900
-17
🇨🇱 Romans · Chile
878
-16
🇺🇸 Khmer · United States
867
-16
🇺🇸 Spanish · United States
839
-15
CROOKED HILLARY
0:30 Loom
9:13 Feudal Age
9:51 Horse Collar
11:16 Wheelbarrow
10:31 Double-Bit Axe
16:52 Castle Age
15:37 Stone Mining
15:37 Gold Mining
16:20 Forging
16:49 Scale Barding Armor
17:48 Bloodlines
18:36 Bow Saw
18:30 Heavy Plow
19:10 Hand Cart
21:02 Light Cavalry
21:50 Husbandry
28:54 Stone Shaft Mining
28:55 Gold Shaft Mining
29:08 Ballistics
28:41 Fletching
30:17 Chain Barding Armor
30:32 Iron Casting
29:58 Padded Archer Armor
30:28 Bodkin Arrow
30:55 Redemption
32:39 Scale Mail Armor
32:46 Tusk Swords
33:52 Caravan
37:46 Imperial Age
35:04 Town Watch
36:01 Leather Archer Armor
36:06 Fortified Wall
39:16 Conscription
38:59 Double Crossbow
38:20 Elite Ballista Elephant
40:13 Plate Barding Armor
40:39 Blast Furnace
40:27 Onager
41:04 Hussar
43:08 Bracer
43:39 Ring Archer Armor
43:24 Chain Mail Armor
50:57 Chemistry
50:08 Masonry
54:16 Chain Mail Armor
54:31 Ring Archer Armor
John Bobby
4:55 Loom
7:45 Feudal Age
11:46 Castle Age
11:36 Double-Bit Axe
12:22 Horse Collar
17:10 Heavy Plow
17:23 Bow Saw
26:03 Gold Mining
32:31 Imperial Age
33:10 Wheelbarrow
33:18 Elite Conquistador
39:33 Supremacy
50:04 Cavalier
50:45 Husbandry
50:55 Bloodlines
51:33 Caravan
54:31 Paladin
HoldMyB33rforme
7:55 Feudal Age
12:09 Castle Age
11:24 Double-Bit Axe
11:47 Horse Collar
13:29 Bow Saw
15:22 Loom
18:13 Detinets
18:53 Fletching
21:46 Wheelbarrow
21:00 Town Watch
21:42 Bodkin Arrow
27:06 Masonry
27:17 Ballistics
26:54 Murder Holes
27:19 Hand Cart
27:41 Forging
29:03 Scale Barding Armor
29:27 Stone Mining
29:29 Gold Mining
30:10 Scale Mail Armor
30:47 Iron Casting
33:19 Imperial Age
31:25 Chain Mail Armor
31:56 Pikeman
32:37 Squires
32:56 Fortified Wall
34:09 Druzhina
34:30 Conscription
34:46 Hoardings
33:48 Heavy Scorpion
35:16 Halberdier
38:02 Siege Engineers
38:58 Chemistry
40:47 Two-Man Saw
39:50 Heavy Plow
41:25 Blast Furnace
40:56 Plate Mail Armor
SLK Björn Ironside
7:08 Feudal Age
10:54 Double-Bit Axe
13:41 Castle Age
12:02 Man-at-Arms
12:57 Forging
12:42 Horse Collar
19:00 Squires
20:23 Wheelbarrow
19:47 Pikeman
21:20 Elite Skirmisher
23:37 Iron Casting
22:25 Long Swordsman
26:17 Bow Saw
26:32 Hand Cart
26:24 Scale Mail Armor
28:10 Gold Mining
28:27 Heavy Plow
31:09 Loom
35:07 Imperial Age
34:27 Gold Shaft Mining
33:48 Stone Mining
35:11 Town Watch
34:54 Elite Skirmisher
37:24 Blast Furnace
36:40 Chain Mail Armor
36:26 Padded Archer Armor
36:16 Fletching
37:16 Comitatenses
37:47 Legionary
40:06 Leather Archer Armor
39:18 Halberdier
43:22 Elite Centurion
45:49 Bodkin Arrow
46:28 Ring Archer Armor
Pikapork
5:40 Horse Collar
8:18 Feudal Age
7:03 Double-Bit Axe
9:39 Heavy Plow
13:53 Castle Age
12:17 Bow Saw
12:37 Stone Mining
12:43 Gold Mining
14:52 Stone Shaft Mining
14:23 Loom
15:50 Gold Shaft Mining
17:22 Crop Rotation
18:03 Two-Man Saw
24:51 Padded Archer Armor
24:41 Fletching
28:50 Imperial Age
27:05 Bodkin Arrow
27:26 Leather Archer Armor
28:31 Murder Holes
28:16 Treadmill Crane
28:57 Ballistics
28:48 Fortified Wall
29:27 Wheelbarrow
30:58 Chemistry
30:25 Conscription
30:48 Hand Cart
33:59 Bracer
37:16 Burgundian Vineyards
36:43 Elite Skirmisher
37:34 Pikeman
38:14 Squires
38:00 Arson
37:41 Light Cavalry
37:41 Cavalier
38:22 Husbandry
38:03 Halberdier
38:54 Hussar
46:40 Paladin
52:18 Forging
52:09 Scale Mail Armor
52:15 Scale Barding Armor
53:25 Caravan
53:55 Coinage
53:40 Guilds
56:45 Banking
56:47 Guard Tower
56:43 Arrowslits
59:51 Chain Barding Armor
59:46 Chain Mail Armor
60:07 Iron Casting
60:54 Elite Coustillier
64:29 Keep
66:30 Onager
HereticMink
0:35 Loom
9:14 Feudal Age
9:58 Horse Collar
10:07 Double-Bit Axe
10:17 Stone Mining
10:18 Gold Mining
14:45 Castle Age
15:46 Bow Saw
15:55 Caravan
16:31 Heavy Plow
19:03 Wheelbarrow
18:14 Town Watch
25:58 Imperial Age
24:44 Hand Cart
26:13 Fletching
26:34 Forging
30:00 Conscription
29:41 Bodkin Arrow
30:22 Iron Casting
29:48 Scale Mail Armor
30:12 Ballistics
33:14 Heavy Scorpion
34:02 Double Crossbow
34:08 Padded Archer Armor
35:08 Bloodlines
34:59 Husbandry
34:19 Light Cavalry
38:31 Pikeman
42:07 Chemistry
41:03 Murder Holes
41:14 Siege Engineers
41:19 Masonry
47:07 Halberdier
63:30 Arson
Jdz702
4:06 Loom
7:46 Feudal Age
9:09 Horse Collar
9:17 Double-Bit Axe
16:03 Fletching
16:25 Forging
16:16 Scale Mail Armor
16:23 Scale Barding Armor
19:54 Castle Age
22:46 Bow Saw
25:56 Imperial Age
24:06 Wheelbarrow
23:17 Town Watch
27:05 Caravan
27:58 Iron Casting
28:23 Heavy Plow
29:46 Two-Man Saw
30:24 Ballistics
31:17 Chemistry
30:01 Treadmill Crane
38:00 Houfnice
40:21 Pikeman
41:37 Halberdier
43:24 Blast Furnace
42:40 Chain Mail Armor
42:45 Chain Barding Armor
42:20 Bodkin Arrow
42:26 Padded Archer Armor
42:43 Masonry
42:44 Siphons
42:46 Siege Engineers
42:53 Careening
42:40 Murder Holes
Davejua
6:52 Feudal Age
12:03 Castle Age
10:25 Double-Bit Axe
11:23 Horse Collar
17:24 Loom
20:14 Scale Mail Armor
20:47 Forging
21:31 Gambesons
23:02 Wheelbarrow
28:54 Imperial Age
26:50 Chain Mail Armor
27:16 Bow Saw
28:16 Iron Casting
27:32 Fletching
29:07 Hand Cart
29:04 Arson
29:09 Capped Ram
29:52 Pikeman
31:35 Gold Mining
32:59 Blast Furnace
32:29 Plate Mail Armor
32:21 Conscription
33:03 Heavy Plow
33:54 Plate Mail Armor
33:19 Stone Mining
34:22 Furor Celtica
34:58 Halberdier
35:36 Bodkin Arrow
36:20 Gold Shaft Mining
36:21 Stone Shaft Mining
36:31 Siege Ram
36:38 Siege Ram
38:32 Ballistics
39:13 Chemistry
38:23 Masonry
38:18 Siege Engineers
37:54 Treadmill Crane
43:13 Murder Holes
43:06 Town Watch
44:00 Hoardings
48:45 Heavy Scorpion
50:30 Elite Woad Raider
61:39 Caravan
61:50 Guilds
64:13 Town Patrol
64:29 Fortified Wall
Connection lost

Rejoining the realm…

Still unreachable

The connection could not be restored.

Session expired

The server has moved on; the page needs a fresh start.